 Dungeon Crawl Stone Soup version 0.31.0-7-gf635a9b802 (webtiles) character file.

Game seed: 2739366936188910782

855663 SimianSpiritGuide the Skinwalker (level 27, -34/186 HPs)
             Began as a Gargoyle Earth Elementalist on Jan 22, 2024.
             Was an Initiate of Gozag.
             Blown up by Wokk the pandemonium lord (59 damage)
             ... with an orb of destruction
             ... on level 25 of a ziggurat on Jan 23, 2024.
             The game lasted 04:17:31 (92804 turns).

SimianSpiritGuide the Skinwalker (GrEE)            Turns: 92804, Time: 04:17:31

Health: -34/186    AC: 34    Str: 14 (17) XL:     27
Magic:  11/58      EV: 16    Int: 23 (25) God:    Gozag
Gold:   16734      SH:  0    Dex:  9 (12) Spells: 17/71 levels left

rFire   + + +        c - +5 broad axe (distort) {!w}
rCold   + + +        P - sphere of Battle
rNeg    + + +        q - +1 robe of Vines {NoPotionHeal Regen++++}
rPois   ∞            r - +0 hat "Ninloqog" {Will+ SInv}
rElec   +            T - scarf {rC+ rF+}
rCorr   +            E - +2 pair of gloves of Luyleg {MP+9 Str+2 Slay-4 Stlth+}
SInv    +            S - +1 pair of boots of Noon {rF+ rN+ Regen+}
Will    ++...        o - amulet of Nimuam {RegenMP rF+}
Stlth   ++++         I - ring of Enkeme {rF+ rC+}
HPRegen 4.51/turn    b - ring of Gielusui {AC+4 Dex+2}
MPRegen 0.76/turn

%: no passive effects
@: mighty, brilliant, death-form, resistant (expiring), weak-willed, gold aura,
flying, very slightly contaminated, studying 6 skills, silenced
A: vile attack, torment immunity, no potions, flying, sickness immunity, AC +20,
big wings, negative energy resistance 1, electricity resistance, torment
resistance 1, petrification resistance, deformed body, dopey 1
}: 5/15 runes: decaying, serpentine, slimy, silver, abyssal
a: Siphon Essence, Begin Untransformation, Renounce Religion


You were on level 25 of a ziggurat.
You worshipped Gozag.
Gozag was extremely pleased with you.
You were an undying horror.
You visited 13 branches of the dungeon, and saw 57 of its levels.
You visited the Abyss 1 time.
You visited 1 bazaar.
You visited 1 ziggurat, and saw 25 of its levels.
You also visited: Trove and Desolation.

You collected 42400 gold pieces.
You spent 11340 gold pieces at shops.
You paid 14326 gold pieces to Gozag.

Inventory:

Hand Weapons
 c - a +5 broad axe of distortion (weapon) {!w}
 n - the +8 mithril axe "Arga" {speed, Will+}
   (You found it on level 24 of a ziggurat)

   Will+:     It increases your willpower.
 u - the +7 morningstar "Sarcophage" {drain, Int+7 Dex+3}
   (You found it on level 14 of the Dungeon)

   Int+7:     It affects your intelligence (+7).
   Dex+3:     It affects your dexterity (+3).
Armour
 q - the +1 robe of Vines (worn) {NoPotionHeal Regen++++}
   (You took it off a deep elf demonologist on level 3 of the Elven Halls)

   NoPotionHeal: Its wearer cannot be healed by potions.
   Regen++++: It increases your rate of health regeneration.
 r - the +0 hat "Ninloqog" (worn) {Will+ SInv}
   (You acquired it on level 12 of the Dungeon)

   Will+:     It increases your willpower.
   SInv:      It lets you see invisible.
 v - the orb of Sif Muna's Hope {*channel, rC+ Str+2 Dex+4}
   (You acquired it on level 1 of the Realm of Zot)

   Str+2:     It affects your strength (+2).
   Dex+4:     It affects your dexterity (+4).
   rC+:       It protects you from cold.
 E - the +2 pair of gloves of Luyleg (worn) {MP+9 Str+2 Slay-4 Stlth+}
   (You found it on level 10 of a ziggurat)

   Str+2:     It affects your strength (+2).
   Slay-4:    It affects your accuracy & damage with ranged weapons and melee
   (-4).
   MP+9:      It affects your magic capacity (+9).
   Stlth+:    It makes you more stealthy.
 O - a scarf of repulsion
 P - the sphere of Battle (worn)
   (You found it on level 5 of the Pits of Slime)

   Battle:    It summons a battlesphere in combat, with strength depending on
   Conjurations skill.
   Destructive: It enhances your destructive magic, and weakens non-destructive
   magic.
 S - the +1 pair of boots of Noon (worn) {rF+ rN+ Regen+}
   (You found it on level 18 of a ziggurat)

   rF+:       It protects you from fire.
   rN+:       It protects you from negative energy.
   Regen+:    It increases your rate of health regeneration.
 T - a scarf of resistance (worn)
Magical Staves
 W - the staff "Fumeum" {rElec rN+ Conj Air, !a}
   (You found it on level 13 of a ziggurat)

   [staff of air]

   Base accuracy: +5 Base damage: 5 Base attack delay: 1.2 This weapon's minimum
   attack delay (0.6) is reached at skill level 12.
   rElec:     It insulates you from electricity.
   rN+:       It protects you from negative energy.
   Conj:      It increases the power of your Conjurations spells.
   Air:       It increases the power of your Air spells.
   It falls into the 'Staves' category.
   It is a one-handed weapon.
Jewellery
 b - the ring of Gielusui (right hand) {AC+4 Dex+2}
   (You took it off a yaktaur captain on level 14 of the Dungeon)

   [ring of protection]

   AC+4:      It affects your AC (+4).
   Dex+2:     It affects your dexterity (+2).
 i - the ring of Wu Jian's Condemnation {Fly rF++ Slay+2}
   (You found it on level 2 of the Depths)

   [ring of flight]

   Slay+2:    It affects your accuracy & damage with ranged weapons and melee
   (+2).
   rF++:      It greatly protects you from fire.
   Fly:       It grants you flight.
 o - the amulet of Nimuam (around neck) {RegenMP rF+}
   (You found it in the Desolation of Salt)

   [amulet of magic regeneration]

   RegenMP:   It increases your rate of magic regeneration.
   rF+:       It protects you from fire.
 I - the ring of Enkeme (left hand) {rF+ rC+}
   (You found it in the Desolation of Salt)

   [ring of protection from fire]

   rF+:       It protects you from fire.
   rC+:       It protects you from cold.
 J - the ring of Zumairhy {rF+ Str+3 Int+4 Dex+3 SInv}
   (You found it on level 9 of a ziggurat)

   [ring of see invisible]

   Str+3:     It affects your strength (+3).
   Int+4:     It affects your intelligence (+4).
   Dex+3:     It affects your dexterity (+3).
   rF+:       It protects you from fire.
   SInv:      It lets you see invisible.
 L - the ring "Utuiv" {rC+ rCorr Int+6}
   (You found it on level 16 of a ziggurat)

   [ring of resist corrosion]

   Int+6:     It affects your intelligence (+6).
   rC+:       It protects you from cold.
   rCorr:     It protects you from acid and corrosion.
 N - the ring "Vanin" {Fire Str+2 Slay+3 SInv}
   (You found it on level 17 of a ziggurat)

   [ring of fire]

   Fire:      It enhances your fire magic.
   Str+2:     It affects your strength (+2).
   Slay+3:    It affects your accuracy & damage with ranged weapons and melee
   (+3).
   rF+:       It protects you from fire.
   rC-:       It makes you vulnerable to cold.
   SInv:      It lets you see invisible.
 V - the amulet of Hoarorchi {rF+ rN+ Regen+ MP+9}
   (You found it in the Desolation of Salt)

   [amulet of regeneration]

   rF+:       It protects you from fire.
   rN+:       It protects you from negative energy.
   MP+9:      It affects your magic capacity (+9).
   Regen+:    It increases your rate of health regeneration.
 Y - the ring "Estras" {rC+ Will+ Int+5 SInv}
   (You took it off a tengu reaver on level 2 of the Depths)

   [ring of protection from cold]

   Int+5:     It affects your intelligence (+5).
   rC+:       It protects you from cold.
   Will+:     It increases your willpower.
   SInv:      It lets you see invisible.
 Z - the ring "Acvuicw" {rCorr MP+9 Str+3}
   (You found it on level 22 of a ziggurat)

   [ring of magical power]

   Str+3:     It affects your strength (+3).
   MP+9:      It affects your magic capacity (+9).
   rCorr:     It protects you from acid and corrosion.
Talismans
 l - the death talisman "Soxzax" (active) {rF+ Slay+2}
   (You bought it in a shop on level 3 of the Depths)

   [talisman of death]

   Slay+2:    It affects your accuracy & damage with ranged weapons and melee
   (+2).
   rF+:       It protects you from fire.
Wands
 X - a wand of digging (44)
Scrolls
 d - 13 scrolls of blinking {!r}
 e - 8 scrolls of silence {!r!r}
 f - 17 scrolls of teleportation {@r4}
 g - 13 scrolls of enchant armour
 h - 8 scrolls of amnesia
 k - 13 scrolls of enchant weapon
 m - 9 scrolls of immolation {!r!r}
 t - 7 scrolls of revelation
 B - 3 scrolls of fear
 H - a scroll of butterflies
 K - 16 scrolls of fog
 Q - 13 scrolls of vulnerability {!r!r}
Potions
 a - 3 potions of brilliance
 j - 2 potions of haste {@q3}
 p - 6 potions of resistance
 w - 14 potions of cancellation
 y - 10 potions of lignification {!q}
 z - 5 potions of might
 A - 26 potions of mutation {!q}
 C - 44 potions of curing {@q1}
 F - 3 potions of invisibility
 R - 5 potions of magic
 U - 6 potions of ambrosia
Miscellaneous
 s - a phial of floods
 x - a lightning rod (4/4)
 D - a sack of spiders
 G - a tin of tremorstones (2/2)
 M - a phantom mirror


   Skills:
 + Level 22.5 Fighting
 - Level 15.0 Armour
 + Level 14.9 Dodging
 - Level 7.0 Stealth
 - Level 15.0 Shields
 + Level 22.9 Spellcasting
 - Level 18.0 Conjurations
 - Level 10.0 Summonings
 - Level 4.2 Translocations
 - Level 19.0 Fire Magic
 - Level 10.2 Ice Magic
 - Level 7.0 Air Magic
 - Level 22.0 Earth Magic
 - Level 23.0 Shapeshifting


You had 17 spell levels left.
You knew the following spells:

 Your Spells              Type           Power      Damage    Failure   Level
a - Stone Arrow           Conj/Erth      100%       3d13      0%          3
b - Blink                 Tloc           90%        N/A       1%          2
c - Lehudib's Crystal Sp  Conj/Erth      66%        10d15     2%          8
f - Freezing Cloud        Conj/Ice/Air   55%        6-21      1%          5
i - Ignition              Fire           65%        3d17      4%          8
l - Lee's Rapid Deconstr  Erth           68%        3d31*     0%          5
r - Shatter               Erth           68%        3d50*     19%         9
s - Sandblast             Erth           100%       2d20      0%          1
S - Spellforged Servitor  Conj/Summ      58%        N/A       4%          7
X - Bombard               Conj/Erth      66%        9d11      1%          6

Your spell library contained the following spells:

 Spells                   Type           Power      Damage    Failure   Level
 Foxfire                  Conj/Fire      100%       2x1d9     0%          1
 Magic Dart               Conj           100%       1d8       0%          1
 Shock                    Conj/Air       100%       1d9       0%          1
 Scorch                   Fire           100%       2d9       0%          2
 Static Discharge         Conj/Air       100%       3-8/arc   0%          2
 Hailstorm                Conj/Ice       100%       3d16      0%          3
 Passwall                 Erth           91%        N/A       0%          3
 Brom's Barrelling Bould  Conj/Erth      100%       2d11      0%          4
 Flame Wave               Conj/Fire      100%       2d21      0%          4
 Freeze                   Ice            100%       1d10      1%          1
 Kiss of Death            Conj/Necr      100%       2d13      1%          1
 Necrotise                Necr           100%       1d9       1%          1
 Slow                     Hex            100%       N/A       1%          1
 Sting                    Conj/Alch      100%       1d9       1%          1
 Summon Small Mammal      Summ           100%       N/A       1%          1
 Call Imp                 Summ           100%       N/A       1%          2
 Ensorcelled Hibernation  Hex/Ice        98%        N/A       1%          2
 Lesser Beckoning         Tloc           90%        N/A       1%          2
 Mercury Vapours          Alch/Air       100%       N/A       1%          2
 Momentum Strike          Conj/Tloc      100%       3d10      1%          2
 Call Canine Familiar     Summ           64%        N/A       1%          3
 Dazzling Flash           Conj/Hex       100%       N/A       1%          3
 Frozen Ramparts          Ice            100%       1d16      1%          3
 Gell's Gravitas          Tloc           45%        N/A       1%          3
 Inner Flame              Hex/Fire       100%       N/A       1%          3
 Mephitic Cloud           Conj/Alch/Air  98%        N/A       1%          3
 Ozocubu's Armour         Ice            65%        N/A       1%          3
 Summon Ice Beast         Ice/Summ       64%        N/A       1%          3
 Swiftness                Air            55%        N/A       1%          3
 Teleport Other           Tloc           45%        N/A       1%          3
 Volatile Blastmotes      Fire/Tloc      100%       2d18      1%          3
 Airstrike                Air            46%        2d(7-23)  1%          4
 Animate Armour           Summ/Erth      100%       N/A       1%          4
 Fulminant Prism          Conj/Alch      50%        3d22      1%          4
 Ignite Poison            Fire/Alch      100%       N/A       1%          4
 Iskenderun's Mystic Bla  Conj/Tloc      100%       2d19      1%          4
 Leda's Liquefaction      Alch/Erth      33%        N/A       1%          4
 Martyr's Knell           Necr/Summ      49%        N/A       1%          4
 Petrify                  Alch/Erth      67%        N/A       1%          4
 Sticky Flame             Fire/Alch      100%       2d15      1%          4
 Summon Blazeheart Golem  Fire/Summ      75%        N/A       1%          4
 Summon Lightning Spire   Summ/Air       60%        N/A       1%          4
 Vhi's Electric Charge    Tloc/Air       100%       N/A       1%          4
 Arcjolt                  Conj/Air       56%        1d66      1%          5
 Borgnjor's Vile Clutch   Necr/Erth      33%        N/A       1%          5
 Fireball                 Conj/Fire      64%        3d24      1%          5
 Irradiate                Conj/Alch      50%        3d28      1%          5
 Iskenderun's Battlesphe  Conj           100%       2d15      1%          5
 Conjure Ball Lightning   Conj/Air       56%        3x3d20    1%          6
 Plasma Beam              Fire/Air       57%        2x1d72    1%          6
 Starburst                Conj/Fire      64%        6d17      1%          6
 Orb of Destruction       Conj           64%        9d15      1%          7
 Jinxbite                 Hex            52%        N/A       2%          2
 Manifold Assault         Tloc           45%        N/A       2%          4
 Passage of Golubria      Tloc           45%        N/A       2%          4
 Summon Forest            Summ/Tloc      28%        N/A       2%          5
 Confusing Touch          Hex            26%        N/A       4%          3
 Fugue of the Fallen      Necr           26%        N/A       4%          3
 Sigil of Binding         Hex            26%        N/A       4%          3
 Tukima's Dance           Hex            26%        N/A       4%          3
 Vampiric Draining        Necr           26%        2d7       4%          3
 Metabolic Englaciation   Hex/Ice        24%        N/A       4%          5
 Summon Mana Viper        Hex/Summ       49%        N/A       5%          5
 Dimensional Bullseye     Hex/Tloc       18%        N/A       6%          4
 Silence                  Hex/Air        21%        N/A       10%         5
 Anguish                  Hex/Necr       13%        N/A       16%         4
 Cause Fear               Hex            13%        N/A       16%         4
 Dispel Undead            Necr           26%        3d13      16%         4
 Olgreb's Toxic Radiance  Alch           56%        N/A       16%         4
 Ozocubu's Refrigeration  Ice            52%        4d19      19%         7
 Monstrous Menagerie      Summ           32%        N/A       22%         7
 Summon Hydra             Summ           32%        N/A       22%         7
 Sculpt Simulacrum        Ice/Alch       24%        N/A       28%         6
 Alistair's Intoxication  Alch           17%        N/A       38%         5
 Curse of Agony           Necr           26%        N/A       38%         5
 Yara's Violent Unravell  Hex/Alch       28%        3d12      38%         5
 Dispersal                Tloc           22%        N/A       38%         6
 Malign Gateway           Summ/Tloc      28%        N/A       56%         7
 Fire Storm               Conj/Fire      64%        8d16      61%         9
 Haunt                    Necr/Summ      24%        N/A       86%         7
 Summon Horrible Things   Summ           32%        N/A       86%         8
 Death Channel            Necr           13%        N/A       93%         6
 Eringya's Noxious Bog    Alch           28%        4d6       93%         6
 Maxwell's Capacitive Co  Air            46%        ∞         99%         8
 Enfeeble                 Hex            13%        N/A       100%        7
 Borgnjor's Revivificati  Necr           13%        N/A       100%        8
 Discord                  Hex            13%        N/A       100%        8
 Disjunction              Tloc           22%        N/A       100%        8
 Infestation              Necr           13%        N/A       100%        8
 Chain Lightning          Conj/Air       56%        3d74      100%        9
 Death's Door             Necr           13%        N/A       100%        9
 Dragon's Call            Summ           32%        N/A       100%        9
 Polar Vortex             Ice            52%        12d7*     100%        9
 Cigotuvi's Dreadful Rot  Necr/Alch/Air  Unusable   N/A       N/A         2
 Sublimation of Blood     Necr           Unusable   N/A       N/A         2
 Animate Dead             Necr           Unusable   N/A       N/A         4

Dungeon Overview and Level Annotations

Branches:
Dungeon (15/15)            Temple (1/1) D:6            Lair (5/5) D:9
  Swamp (4/4) Lair:2        Snake (4/4) Lair:3        Slime (5/5) Lair:4
    Orc (2/2) D:11            Elf (3/3) Orc:2        Vaults (5/5) D:14
  Crypt (3/3) Vaults:2       Tomb (0/3) Crypt:3      Depths (4/4) D:15
   Hell (visited)             Dis (0/7) Hell            Geh (0/7) Hell
    Coc (0/7) Hell            Tar (0/7) Hell            Zot (5/5) Depths:4
Desolation (visited)

Altars:
Ashenzari
Cheibriados
Dithmenos
Elyvilon
Fedhas
Gozag
Hepliaklqana
Kikubaaqudgha
Makhleb
Nemelex Xobeh
Okawaru
Qazlal
Ru
Sif Muna
Trog
Uskayaw
Vehumet
Wu Jian
Xom
Yredelemnul
Zin
The Shining One

Shops:
D:2 (   D:3 ?   D:11 ::[=*   Orc:2 [[[*   Elf:1 :   Elf:2 :==   Snake:3 [!
Vaults:4 (   Vaults:5 *   Zot:5 :   Depths:3 =

Portals:
Hell: Depths:1 Depths:2 Depths:3 Depths:4
Abyss: Depths:3 Depths:4
Pandemonium: Depths:2 Depths:4


Innate Abilities, Weirdness & Mutations

You are an undying horror.
Your melee and unarmed attacks drain, slow and weaken victims.
You are immune to unholy pain and torment.
You cannot drink.
You are flying.
You are immune to sickness and miasma.
Your stone body is resilient. (AC +20)
You are immune to poison.
Your large and strong wings let you fly.
You resist negative energy. (rN+)
You are resistant to electric shocks. (rElec)
You are resistant to unholy torment.
You are immune to petrification.
Armour fits poorly on your strangely shaped body.
You are dopey. (Int -2)


Message History

Wokk gestures.
Wokk blinks!
Jicusix closely misses you.
Wokk gestures.
Wokk blinks!
Jicusix hits you! Jicusix attacks as it pursues you!
Jicusix hits you but does no damage. The blizzard demon gestures at you.
The bolt of cold misses Jicusix.
The bolt of cold misses you. Jicusix gestures at you.
The bolt of devastation hits you but does no damage.
Wokk gestures.
Jicusix gestures.
Jicusix's surroundings become eerily quiet.
Wokk conjures a glowing orb.
An orb of destruction comes into view.
Jicusix gestures at you.
The bolt of devastation hits your battlesphere!!
The bolt of devastation hits you! The hellion gestures at you.
The sphere of damnation explodes!
The damnation engulfs you!!
The damnation engulfs your battlesphere!!
Your battlesphere is destroyed!
Jicusix gestures at you. The bolt of devastation misses you.
Okay, then.
Unknown command.
You conjure a globe of magical energy.
The hellion gestures at you.
The sphere of damnation explodes!
The damnation engulfs you!
Wokk conjures an orb of pure magic.
An orb of destruction comes into view.
Unknown command.
You start to feel less resistant.
The hellion gestures at you.
The sphere of damnation explodes!
The damnation engulfs you!!
The damnation engulfs your battlesphere!!
The orb of destruction hits you!!!!
Ouch! That really hurt!
* * * LOW HITPOINT WARNING * * *
Jicusix gestures.
Jicusix's surroundings become eerily quiet.
Okay, then.
Unknown command.
Okay, then.
Space warps around you for a moment!
c - a +5 broad axe of distortion (weapon)
{!w} Unknown command.
The orb of destruction hits you!!!
You die...
Bones file is buggy: /crawl-master/crawl-0.31/saves/bones/bones.store.Zig Clearing bad bones file: /crawl-master/crawl-0.31/saves/bones/bones.store.Zig

▓▓▓▓▓▓▓▓▓▓▓▓▓▓▓
▓▓.........$...▓
▓▓....$$$°°......
▓▓......$..°9.....
▓▓z○.....$$§.°°....
▓▓..&☼*.$.$$.$..&...
▓▓....°○....$$$..°...
▓▓.....$&...$$..$.$...
▓▓.....2.°2.$$.$$.&$...
▓▓............$$....$$..
▓.∩..........$..........
▓▓...........$..$$......
▓▓...........$.........


You could see Jicusix (silencing, unsilenced), Wokk (unsilenced), a blizzard
demon (summoned, unsilenced), a hellion (summoned, unsilenced, ally target) and
a friendly battlesphere.

Vanquished Creatures
  the Royal Jelly (Slime:5)
  4 dread liches
  5 orbs of fire (Zot:5)
  3 ancient liches
  3 juggernauts (Depths:4)
  Mara (Depths:1)
  Josephina (Zot:3)
  8 royal mummies
  Parghit (Depths:3)
  Saint Roka (Depths:2)
  3 shard shrikes
  8 caustic shrikes
  14 Killer Klowns
  24 pandemonium lords
  Margery (Crypt:2)
  A curse toe (Zot:4)
  Geryon (Hell)
  12 golden dragons
  The ghost of Fainec the Devastator, a veteran GrEE of Lugonu (Crypt:1)
  A profane servitor (Depths:3)
  2 bone dragons
  3 Tzitzimimeh
  13 tentacled monstrosities
  4 hellephants
  A walking crystal tome (Depths:3)
  An electric golem (Zot:1)
  5 liches
  6 Hell Sentinels
  19 Orb Guardians (Zot:5)
  8 Ice Fiends
  7 deep elf master archers (Zig:19)
  A walking divine tome (Depths:3)
  5 titans
  9 quicksilver dragons
  5 sphinxes
  4 deep elf blademasters
  3 Executioners (Zig:21)
  A sphinx (shapeshifter) (Zig:25)
  2 death cobs
  20 acid blobs
  2 walking frostbound tomes
  3 ancient champions
  3 tentacled starspawn
  10 storm dragons
  Kirke (D:13)
  11 shadow dragons
  3 revenants
  4 tengu reavers
  10 rockslimes
  A thorn hunter (Zig:23)
  3 fire giants
  12 protean progenitors
  4 fenstrider witches (Zig:23)
  4 draconian knights
  11 deep elf sorcerers
  5 draconian monks
  25 azure jellies
  22 nagarajas
  11 frost giants
  A ghost moth (Zot:1)
  A nargun (Zig:11)
  3 quicksilver elementals (Zig:9)
  A demonspawn warmonger (Zig:21)
  2 iron dragons
  6 draconian scorchers
  3 balrugs (Zig:21)
  3 curse skulls
  6 deep elf elementalists
  20 vault wardens
  3 draconian shifters
  25 ironbound preservers
  A juggernaut zombie (Crypt:3)
  2 imperial myrmidons (Desolation)
  A caustic shrike zombie (Crypt:3)
  15 orc warlords
  5 reapers
  5 draconian annihilators
  2 draconian stormcallers
  6 cacodemons
  A demonspawn corrupter (Zig:21)
  18 very ugly things
  18 stone giants
  A very ugly thing (shapeshifter) (Zig:25)
  5 demonspawn blood saints
  4 vampire knights
  6 formless jellyfish
  A juggernaut skeleton (Crypt:3)
  11 ironbound thunderhulks
  17 quicksilver oozes
  7 demonspawn black suns
  A caustic shrike skeleton (Crypt:2)
  2 lorocyprocas (Zig:18)
  4 deep elf death magi
  6 eleionomae
  5 deep elf demonologists
  6 black draconians
  8 dire elephants
  10 green draconians
  10 yellow draconians
  7 bunyips
  10 purple draconians
  2 eleionomae (shapeshifter)
  6 spark wasps
  9 white draconians
  7 wendigos
  A halazid warlock (Hell)
  4 red draconians
  8 war gargoyles
  A spark wasp (shapeshifter) (Zig:25)
  7 deep elf annihilators
  A bennu (Zig:15)
  6 blizzard demons
  11 green deaths
  4 eidola
  6 jiangshi
  4 mummy priests (Zig:15)
  4 merfolk javelineers (Zig:19)
  18 ettins
  5 fire dragons
  2 iron golems (Zig:9)
  6 shambling mangroves
  5 crystal guardians
  2 entropy weavers
  7 ragged hierophants
  4 deep elf high priests
  20 yaktaur captains
  15 hydras
  21 great orbs of eyes
  7 peacekeepers
  2 fenstrider witch zombies (Crypt:3)
  2 servants of whispers (Desolation)
  8 ice dragons
  38 vault guards
  17 salamander tyrants
  21 centaur warriors
  A hell beast (Hell)
  2 ghost crabs (Crypt:3)
  5 rakshasas
  4 ogre magi
  3 catoblepae
  2 caustic shrike simulacra
  2 juggernaut simulacra (Zig:16)
  11 ironbound frosthearts
  An alligator snapping turtle (shapeshifter) (Zig:18)
  6 spriggan air magi
  2 death knights
  4 alligators
  3 spriggan skeletons
  An alligator snapping turtle (Zig:4)
  10 satyrs
  2 fenstrider witch skeletons (Crypt:1)
  8 anacondas
  4 boulder beetles
  12 two-headed ogres
  2 death yaks
  23 dancing weapons
  7 deep troll shamans
  4 death scarabs
  8 naga warriors
  2 two-headed ogres (shapeshifter)
  11 vampire magi
  5 deep troll earth magi
  11 hell hogs
  3 thrashing horrors
  4 tengu warriors
  5 occultists
  16 naga sharpshooters
  2 shock serpents (shapeshifter)
  2 spriggan berserkers
  24 hell knights
  10 orc high priests
  9 soul eaters
  11 deep elf knights
  Sonja (D:13)
  4 skysharks
  7 shock serpents
  2 wretched stars
  5 sixfirhies
  11 sun demons (Hell)
  The ghost of Arcadio the Skirmisher, a novice GnHu of Ru (D:8)
  6 salamander mystics
  12 skeletal warriors
  Amaemon (D:10)
  4 shadow wraiths
  10 iron trolls
  2 skysharks (shapeshifter)
  7 goliath frogs
  Lodul (D:10)
  9 spriggan druids
  A deep troll (shapeshifter) (Zig:25)
  2 death drakes (Zig:23)
  13 flayed ghosts
  4 arcanists
  2 shadow demons
  2 spriggan simulacra
  6 glowing orange brains
  63 deep trolls
  An orb spider (shapeshifter) (D:14)
  A sea snake (Zig:4)
  9 naga ritualists
  An orange crystal statue (Vaults:1)
  An orb spider (Abyss:1)
  9 swamp dragons
  3 obsidian statues
  9 mana vipers
  3 deep elf archers (Elf:1)
  Pikel (D:5)
  A shadow dragon zombie (Zig:15)
  17 deep elf zephyrmancers
  10 nameless horrors
  2 bog bodies
  15 ironbound convokers
  2 lindwurms (shapeshifter) (Zig:18)
  8 large abominations
  14 lindwurms
  11 necromancers
  15 orc knights
  A steelbarb worm (shapeshifter) (Depths:2)
  A harpy (shapeshifter) (D:14)
  22 deep elf pyromancers
  15 phantasmal warriors
  9 shining eyes
  2 glowing shapeshifters (Vaults:5)
  20 moths of wrath
  7 harpies (Vaults:2)
  2 broodmother zombies
  15 orc sorcerers
  A faun (shapeshifter) (Depths:3)
  2 tengu skeletons
  27 ugly things
  6 will-o-the-wisps
  3 wolf spiders
  A shining eye (shapeshifter) (Zig:18)
  A stone giant zombie (Vaults:5)
  12 cyclopes
  5 manticores
  6 oklob plants
  2 worldbinders
  A fire giant zombie (Vaults:5)
  A goliath frog skeleton (Crypt:2)
  A frost giant skeleton (Crypt:2)
  An iron dragon skeleton (Crypt:1)
  A meliai (shapeshifter) (Vaults:5)
  15 elephants
  A moth of wrath (shapeshifter) (Depths:2)
  5 fauns (Zig:19)
  9 salamanders
  An elephant (shapeshifter) (D:15)
  10 guardian serpents
  2 rust devils
  14 kobold blastminers
  17 vault sentinels
  2 ice statues (Zig:7)
  5 molten gargoyles
  33 black mambas
  A water nymph (Zig:4)
  A titan simulacrum (Hell)
  18 naga magi
  A water nymph (shapeshifter) (Zig:25)
  8 cane toads
  An eye of devastation (shapeshifter) (Vaults:5)
  10 smoke demons
  9 apocalypse crabs
  4 torpor snails
  4 eyes of devastation
  3 gargoyles (Crypt:3)
  5 orange demons
  3 unseen horrors (D:12)
  26 yaktaurs
  A naga skeleton (Crypt:3)
  7 hellions
  3 rime drakes
  A dire elephant skeleton (Crypt:3)
  16 komodo dragons
  An ice devil (Hell)
  16 guardian mummies
  2 kobold demonologists
  2 tengu conjurers
  An efreet (D:14)
  3 tormentors
  7 freezing wraiths
  15 trolls
  2 red devils (Zig:21)
  A harpy zombie (Crypt:3)
  A tyrant leech (shapeshifter) (Zig:25)
  A yaktaur skeleton (Vaults:5)
  A tarantella (Vaults:2)
  2 wind drakes (shapeshifter)
  6 ancient zymes
  26 hornets
  2 trolls (shapeshifter) (D:12)
  2 hellwings (Zig:21)
  2 tyrant leeches
  10 polar bears
  A wind drake (Zig:4)
  A glass eye (shapeshifter) (Zig:25)
  31 saltlings
  7 raiju
  2 snapping turtles (shapeshifter)
  A stone giant simulacrum (Hell)
  A raiju (shapeshifter) (D:14)
  22 blink frogs
  A death drake skeleton (Crypt:1)
  5 glass eyes
  A draconian simulacrum (Zot:3)
  4 fire dragon skeletons (Crypt:3)
  An iron dragon simulacrum (Abyss:2)
  A culicivora (shapeshifter) (Elf:1)
  A jumping spider (Zot:1)
  2 air elementals (Elf:3)
  103 slime creatures
  26 spriggans
  9 shadows
  2 spriggans (shapeshifter)
  5 ushabtiu
  5 humans
  5 wyverns
  3 small abominations
  51 yaks
  12 vampires
  An ettin skeleton (Crypt:1)
  5 ynoxinuls
  6 wraiths
  3 water elementals
  A dire elephant simulacrum (Hell)
  5 wargs
  3 hogs (D:13)
  A hog (shapeshifter) (Elf:2)
  2 redbacks
  7 basilisks
  9 golden eyes
  A fire elemental (Elf:3)
  A redback (shapeshifter) (Depths:4)
  5 chaos spawn
  27 vampire mosquitoes
  A harpy simulacrum (Hell)
  A neqoxec (Abyss:2)
  A demonspawn zombie (Crypt:1)
  10 swamp worms
  34 nagas
  An acid dragon (D:10)
  17 water moccasins
  A water moccasin (shapeshifter) (Zig:25)
  3 hell hounds (Hell)
  A glowing shapeshifter skeleton (Zig:15)
  7 swamp drakes
  A human zombie (Vaults:5)
  3 moth of wrath simulacra (Zot:3)
  A meliai simulacrum (D:15)
  An ice beast (shapeshifter) (Zig:25)
  78 orc warriors
  4 spectral shapeshifters (D:12)
  3 black bears
  An elf simulacrum (Vaults:5)
  2 ice beasts
  2 sky beasts
  13 boggarts
  32 ogres
  An ettin simulacrum (Hell)
  16 laughing skulls
  10 centaurs
  41 wolves
  A human skeleton (Vaults:5)
  A snapping turtle skeleton (Crypt:1)
  2 phantoms
  4 lemures (D:5)
  A swamp dragon skeleton (Crypt:2)
  2 weeping skulls
  5 kobold brigands
  15 bullfrogs
  A gnoll sergeant (D:9)
  A naga simulacrum (Hell)
  5 scorpions
  An elf skeleton (Crypt:2)
  9 wights
  A cyclops skeleton (Crypt:1)
  4 shapeshifter zombies (D:12)
  7 killer bees
  A howler monkey (D:9)
  An electric eel (Lair:3)
  3 bombardier beetles
  A quasit (Abyss:2)
  An iron imp (Abyss:1)
  Crazy Yiuf (D:3)
  3 jellies
  42 orc priests
  3 hounds
  9 starcursed masses
  A sleepcap (D:4)
  2 iguanas
  36 orc wizards
  A hell rat (Zig:14)
  A crocodile zombie (Crypt:1)
  A hound zombie (Crypt:2)
  22 mummies
  Robin (D:2)
  8 gnolls
  6 adders
  A shadow imp (D:7)
  3 white imps
  2 ufetubi (D:5)
  128 orcs
  7 ball pythons
  6 endoplasms
  3 giant cockroaches
  11 goblins
  9 hobgoblins
  A jackal (D:9)
  A kobold (shapeshifter) (D:12)
  7 quokkas
  3 bats
  2 frilled lizards
  A gnoll skeleton (Crypt:2)
  22 kobolds
  3 rats
  7 aspiring fleshes
  A lurking horror (Abyss:2)
  2 starspawn tentacles (Abyss:4)
3053 creatures vanquished.

Vanquished Creatures (collateral kills)
  3 ancient liches
  4 orbs of fire
  Xtahua (Depths:4)
  Sojobo (Crypt:2)
  2 Killer Klowns
  The ghost of Dameikh the Hoplite, a veteran FoFi of Nemelex Xobeh (Depths:1)
  4 pandemonium lords
  2 curse toes
  3 golden dragons
  A Tzitzimitl (Zig:10)
  2 electric golems (Zot:5)
  3 tentacled monstrosities
  A hellephant (Zig:14)
  A Hell Sentinel (Zig:25)
  6 Orb Guardians (Zot:5)
  2 deep elf master archers (Elf:3)
  A deep elf blademaster (Elf:3)
  5 acid blobs
  2 titans
  A sphinx (Vaults:4)
  A death cob (Zot:4)
  4 tengu reavers
  3 revenants
  2 shadow dragons (Vaults:5)
  A thorn hunter (Swamp:4)
  2 rockslimes (Slime:5)
  The ghost of zkyp the Crack Shot, an adept HuHu of Gozag (Elf:1)
  Roxanne (Elf:1)
  2 azure jellies
  3 nagarajas
  6 fire giants
  A fenstrider witch (Swamp:4)
  A draconian monk (Zot:1)
  2 deep elf sorcerers
  2 draconian shifters (Zot:5)
  2 imperial myrmidons (Desolation)
  A draconian knight (Zig:16)
  3 vault wardens (Vaults:5)
  3 quicksilver oozes
  7 very ugly things
  3 cacodemons
  2 stone giants
  2 formless jellyfish
  2 ironbound preservers (Vaults:3)
  2 ironbound thunderhulks
  3 black draconians
  3 eleionomae
  2 green draconians
  4 deep elf annihilators (Elf:3)
  A bunyip (Swamp:2)
  A purple draconian (Zot:4)
  3 deep elf death magi
  A halazid warlock (Desolation)
  A dire elephant (Vaults:3)
  4 war gargoyles
  2 white draconians
  2 yellow draconians
  A bennu (Zig:15)
  An eidolon (Crypt:3)
  2 jiangshi
  A green death (Snake:2)
  4 ettins
  A crystal guardian (Vaults:2)
  A shambling mangrove (Swamp:4)
  A ragged hierophant (Desolation)
  A great orb of eyes (Slime:5)
  5 deep elf high priests (Elf:3)
  4 entropy weavers
  A yaktaur captain (Vaults:4)
  4 vault guards
  An ice dragon (Depths:4)
  A rakshasa (Depths:1)
  2 ghost crabs
  4 peacekeepers (Desolation)
  A salamander tyrant (Zig:5)
  8 hydras
  4 servants of whispers (Desolation)
  A spriggan air mage (Depths:3)
  2 boulder beetles
  3 ironbound frosthearts
  2 centaur warriors
  2 alligators
  7 dancing weapons
  3 anacondas
  A sphinx skeleton (Vaults:5)
  A satyr (Zot:4)
  2 two-headed ogres
  A death knight (Crypt:1)
  A tengu warrior (Depths:1)
  5 naga warriors
  An orc high priest (Depths:2)
  A spriggan berserker (Depths:3)
  4 naga sharpshooters (Snake:2)
  4 hell knights
  A soul eater (Depths:1)
  A deep elf knight (Elf:2)
  2 sun demons
  3 shock serpents
  An iron troll (Depths:4)
  A salamander mystic (Snake:4)
  A skyshark (Zig:14)
  A death drake (Swamp:4)
  A spriggan druid (Swamp:3)
  3 mana vipers
  7 swamp dragons
  A large abomination (Abyss:4)
  2 flayed ghosts
  6 naga ritualists
  9 deep trolls
  3 goliath frogs
  An orb spider (shapeshifter) (Vaults:5)
  A deep elf archer (Elf:3)
  A glowing orange brain (Slime:5)
  2 lindwurms (Vaults:3)
  5 phantasmal warriors
  4 ironbound convokers
  6 deep elf pyromancers
  A harpy (Vaults:2)
  4 orc knights
  A necromancer (Depths:1)
  5 deep elf zephyrmancers
  A cyclops (D:15)
  7 salamanders
  An ugly thing (D:15)
  A shining eye (Slime:1)
  A tengu skeleton (Zig:15)
  A worldbinder (Abyss:4)
  2 will-o-the-wisps (Swamp:3)
  A moth of wrath (Zot:4)
  3 black mambas
  2 guardian serpents
  2 smoke demons (Hell)
  3 vault sentinels
  A gargoyle (Crypt:3)
  A torpor snail (Zot:2)
  8 naga magi
  3 yaktaurs
  A tengu conjurer (Depths:2)
  A harpy zombie (Crypt:3)
  A guardian mummy (Zig:15)
  A bloated husk (Swamp:3)
  7 tyrant leeches
  4 hornets
  23 saltlings (Desolation)
  A raiju (Zot:1)
  A glass eye (Slime:5)
  24 slime creatures
  3 spriggans
  3 jumping spiders (Zot:1)
  2 wraiths (Crypt:3)
  2 fire dragon skeletons (Crypt:3)
  16 nagas
  5 swamp worms
  An orc warrior (Vaults:5)
  7 laughing skulls
  6 swamp drakes
  A boggart (Vaults:3)
  2 centaurs (D:15)
  A human skeleton (Vaults:5)
  3 earth elementals
  An orc (Vaults:5)
  A frilled lizard skeleton (Crypt:2)
451 creatures vanquished.

Vanquished Creatures (others)
  2 pandemonium lords
  A ghost moth (Zot:5)
  A spark wasp (shapeshifter) (Zig:25)
  A caustic shrike simulacrum (Hell)
  A guardian serpent (Snake:4)
  A bloated husk (Swamp:4)
  2 saltlings (Desolation)
  A ynoxinul (Abyss:1)
  A swamp worm (Swamp:2)
  16 foxfires (Swamp:3)
  A lurking horror (Abyss:4)
  A starspawn tentacle (Abyss:4)
29 creatures vanquished.

Grand Total: 3533 creatures vanquished

Notes
Turn   | Place    | Note
-------+----------+-------------------------------------------
     0 | D:1      | SimianSpiritGuide the Gargoyle Earth Elementalist began the
                  | quest for the Orb.
     0 | D:1      | Reached XP level 1. HP: 10/10 MP: 3/3
   206 | D:1      | Reached XP level 2. HP: 15/15 MP: 1/5
  1291 | D:2      | Reached XP level 3. HP: 19/19 MP: 1/6
  1735 | D:2      | Found Ceumuixt's Antique Weapon Boutique.
  1773 | D:2      | Noticed Robin
  1775 | D:2      | Reached XP level 4. HP: 24/24 MP: 5/7
  1861 | D:2      | Killed Robin
  2092 | D:3      | Reached skill level 3 in Conjurations
  2187 | D:3      | Found a broken altar of Ashenzari.
  2344 | D:3      | Reached XP level 5. HP: 28/28 MP: 7/9
  2396 | D:3      | Found The Oracle's Delphic Readings.
  2404 | D:3      | Bought a scroll of teleportation for 33 gold pieces
  2404 | D:3      | Bought a scroll of poison for 44 gold pieces
  2979 | D:3      | Found a runed translucent door.
  2980 | D:3      | Noticed Crazy Yiuf
  2987 | D:3      | Learned a level 3 spell: Stone Arrow
  3012 | D:3      | Reached skill level 3 in Spellcasting
  3334 | D:4      | Reached XP level 6. HP: 32/32 MP: 8/10
  3753 | D:4      | Reached XP level 7. HP: 22/36 MP: 3/14
  4255 | D:3      | Killed Crazy Yiuf
  4585 | D:4      | Reached skill level 6 in Spellcasting
  4755 | D:5      | Entered Level 5 of the Dungeon
  4844 | D:5      | Reached XP level 8. HP: 18/41 MP: 16/18
  5514 | D:5      | Noticed Pikel
  5606 | D:5      | Killed Pikel
  5607 | D:5      | Reached skill level 9 in Spellcasting
  5752 | D:6      | Reached XP level 9. HP: 45/45 MP: 22/22
  6127 | D:6      | Reached skill level 1 in Fighting
  6127 | D:6      | Reached skill level 3 in Stealth
  6286 | D:6      | Found a staircase to the Ecumenical Temple.
  6673 | Temple   | Entered the Ecumenical Temple
  6734 | D:7      | Noticed a hornet
  6738 | D:7      | Noticed a boulder beetle
  7073 | D:7      | Found an ancient bone altar of Kikubaaqudgha.
  7078 | D:7      | Reached skill level 3 in Fighting
  7158 | D:7      | Killed a boulder beetle
  7248 | D:7      | Killed a hornet
  7249 | D:7      | Reached skill level 6 in Fighting
  7249 | D:7      | Reached XP level 10. HP: 61/61 MP: 20/24
  7450 | D:7      | Reached skill level 1 in Ice Magic
  7452 | D:7      | Reached skill level 1 in Air Magic
  7807 | D:8      | Found a runed translucent door.
  7808 | D:8      | Found a shimmering altar of Xom.
  7808 | D:8      | Noticed Arcadio's ghost (novice GnHu)
  7810 | D:8      | Noticed a +2 hand axe of chaos
  8190 | D:7      | Reached skill level 3 in Ice Magic
  8988 | D:8      | Reached skill level 3 in Air Magic
  9622 | D:9      | Reached skill level 6 in Conjurations
  9976 | D:9      | Found a sacrificial altar of Ru.
 10166 | D:9      | Reached XP level 11. HP: 47/67 MP: 9/25
 10336 | D:9      | Found a staircase to the Lair.
 10512 | D:10     | Entered Level 10 of the Dungeon
 10968 | D:10     | Noticed Amaemon
 10973 | D:10     | Killed Amaemon
 11071 | D:10     | Noticed Lodul
 11084 | D:10     | Killed Lodul
 11227 | D:10     | Reached skill level 9 in Fighting
 11470 | D:10     | Found an opulent altar of Gozag.
 11485 | D:10     | Became a worshipper of Gozag Ym Sagoz the Greedy
 11724 | D:10     | Found an iron altar of Okawaru.
 12347 | D:11     | Noticed a boulder beetle
 12373 | D:11     | Reached skill level 9 in Conjurations
 12388 | D:11     | Found a staircase to the Orcish Mines.
 12646 | D:11     | Killed a boulder beetle
 12930 | D:11     | Noticed a cyclops
 12937 | D:11     | Killed a cyclops
 12938 | D:11     | Reached XP level 12. HP: 44/77 MP: 23/26
 12994 | D:11     | Learned a level 5 spell: Freezing Cloud
 13798 | D:10     | Noticed a seven-headed hydra
 13799 | D:10     | Noticed a tengu warrior
 13909 | D:11     | Killed a tengu warrior
 13983 | D:10     | Killed a seven-headed hydra
 13984 | D:10     | Reached skill level 6 in Ice Magic
 14137 | Lair:1   | Entered Level 1 of the Lair of Beasts
 14196 | Lair:1   | Reached skill level 6 in Air Magic
 15749 | Lair:2   | Noticed a skyshark
 15755 | Lair:2   | Killed a skyshark
 16256 | Lair:2   | Reached XP level 13. HP: 82/82 MP: 27/28
 16364 | Lair:2   | You fall into a shaft and drop 2 floors!
 16436 | Lair:4   | Reached skill level 12 in Spellcasting
 17757 | Lair:2   | Found a staircase to the Swamp.
 18168 | Lair:3   | Found a staircase to the Snake Pit.
 18858 | Lair:3   | Reached skill level 15 in Spellcasting
 18908 | Lair:3   | Gained mutation: Your large and strong wings let you fly.
                  | [Gargoyle growth]
 18908 | Lair:3   | Reached XP level 14. HP: 52/88 MP: 21/33
 19108 | Lair:4   | Found a staircase to the Slime Pits.
 19135 | Lair:4   | Identified the +12 trident "Jecifimi" {heavy, Int+4}
 20223 | Lair:5   | Entered Level 5 of the Lair of Beasts
 21956 | Lair:5   | Reached skill level 12 in Fighting
 21956 | Lair:5   | Reached skill level 12 in Conjurations
 22341 | Lair:5   | Identified the staff of the Hills {rC+ Dex+4 Ice}
 23048 | Orc:1    | Entered Level 1 of the Orcish Mines
 23099 | Orc:1    | Noticed an orc warlord
 23110 | Orc:1    | Killed an orc warlord
 23466 | Orc:2    | Entered Level 2 of the Orcish Mines
 23801 | Orc:2    | Reached XP level 15. HP: 47/98 MP: 31/34
 24411 | Orc:2    | Found Raossai's Antique Armour Boutique.
 24424 | Orc:2    | Found Jogial's General Store.
 24940 | Orc:2    | Noticed an orc warlord
 24948 | Orc:2    | Killed an orc warlord
 25324 | Orc:2    | Found Kehuob's Armour Shop.
 25436 | Orc:2    | Found Horph's Antique Armour Emporium.
 25741 | Orc:2    | Found a staircase to the Elven Halls.
 26380 | D:11     | Bought a yellow potion for 26 gold pieces
 26388 | D:11     | Bought a book of Dangerous Friends for 630 gold pieces
 26554 | Orc:2    | Bought a dyed leather armour for 170 gold pieces
 26554 | Orc:2    | Bought a runed scarf for 272 gold pieces
 26782 | D:12     | Found a gateway to a bazaar.
 26803 | Bazaar   | Entered a bazaar
 26803 | Bazaar   | Found Tietwim's Magic Scroll Boutique.
 26803 | Bazaar   | Found Weogeg's Weapon Shoppe.
 26806 | Bazaar   | Found Irchucyj's Jewellery Shop.
 26809 | Bazaar   | Bought a scroll of blinking for 82 gold pieces
 26816 | Bazaar   | Found Keyfal's Book Boutique.
 26822 | Bazaar   | Found Cihewut's Book Boutique.
 26897 | Bazaar   | Bought a book of Power for 420 gold pieces
 26912 | Bazaar   | Bought a ring of wizardry for 270 gold pieces
 26919 | Bazaar   | Bought a scroll of enchant armour for 82 gold pieces
 26919 | Bazaar   | Bought a scroll of teleportation for 33 gold pieces
 26919 | Bazaar   | Bought a scroll of enchant weapon for 82 gold pieces
 26919 | Bazaar   | Bought a scroll of fog for 44 gold pieces
 27100 | D:12     | Reached skill level 1 in Summonings
 27141 | D:12     | Identified the +6 dagger of Atseshras {freeze, *Noise rElec
                  | rN++ MP+9}
 27664 | D:12     | Found an ancient bone altar of Kikubaaqudgha.
 27664 | D:12     | Found a basalt altar of Yredelemnul.
 27664 | D:12     | Found a shimmering altar of Xom.
 27730 | D:12     | Reached skill level 3 in Summonings
 28295 | D:12     | Found a shimmering altar of Xom.
 28470 | D:12     | Reached skill level 15 in Fighting
 28537 | D:12     | Reached XP level 16. HP: 108/108 MP: 19/35
 28578 | D:12     | Identified the flux talisman "Cicu" {SInv}
 28678 | D:12     | Reached skill level 15 in Conjurations
 28819 | D:12     | Identified a scroll of acquirement
 29088 | D:13     | Noticed Kirke
 29228 | D:13     | Killed Kirke
 29229 | D:13     | Reached skill level 6 in Summonings
 29345 | D:13     | Found a portal to a secret trove of treasure.
 29400 | D:13     | Noticed Sonja
 29403 | D:13     | Killed Sonja
 30079 | D:14     | Identified the +7 morningstar "Sarcophage" {drain, Int+7
                  | Dex+3}
 30340 | D:14     | Found a gate to the Vaults.
 30593 | D:14     | Found an ancient bone altar of Kikubaaqudgha.
 31182 | D:14     | Reached skill level 9 in Summonings
 31549 | D:14     | Identified the ring of Gielusui {AC+4 Dex+2}
 31755 | D:14     | Identified the +3 quarterstaff of Zeisk {venom, Will++}
 31858 | D:14     | Learned a level 7 spell: Spellforged Servitor
 31866 | D:14     | Learned a level 6 spell: Bombard
 31881 | D:15     | Entered Level 15 of the Dungeon
 32027 | D:15     | Reached skill level 3 in Dodging
 32120 | D:15     | Found a broken altar of Ashenzari.
 32445 | D:15     | Found a staircase to the Depths.
 32513 | D:15     | Reached XP level 17. HP: 113/113 MP: 1/36
 32983 | Swamp:1  | Entered Level 1 of the Swamp
 32989 | Swamp:1  | Reached skill level 6 in Dodging
 32994 | Swamp:1  | Reached skill level 1 in Fire Magic
 33242 | Swamp:1  | You are sucked into a shaft and drop 1 floor!
 33302 | Swamp:2  | Reached skill level 3 in Fire Magic
 33456 | Swamp:2  | Noticed a tentacled monstrosity
 33467 | Swamp:2  | Killed a tentacled monstrosity
 34829 | Swamp:4  | Entered Level 4 of the Swamp
 35044 | Swamp:4  | Reached skill level 6 in Fire Magic
 35201 | Swamp:4  | Reached XP level 18. HP: 119/119 MP: 16/38
 35414 | Swamp:4  | Got a decaying rune of Zot
 36259 | D:8      | Killed Arcadio's ghost
 36463 | Snake:1  | Entered Level 1 of the Snake Pit
 37216 | Snake:1  | Learned a level 5 spell: Lee's Rapid Deconstruction
 37507 | Snake:2  | Reached skill level 9 in Fire Magic
 38549 | Snake:2  | Found a runed translucent door.
 39520 | Snake:3  | Found Esuz's Distillery.
 39520 | Snake:3  | Found Lolav's Antique Armour Boutique.
 39632 | Snake:3  | Bought a potion of heal wounds for 90 gold pieces
 39882 | Snake:3  | Reached XP level 19. HP: 124/124 MP: 8/40
 40522 | Snake:4  | Entered Level 4 of the Snake Pit
 40874 | Snake:4  | Reached skill level 18 in Spellcasting
 40962 | Snake:4  | Reached skill level 12 in Fire Magic
 42095 | Snake:4  | Got a serpentine rune of Zot
 42255 | Lair:3   | Acquired the +0 hat "Ninloqog" {Will+ SInv}
 42501 | Elf:1    | Entered Level 1 of the Elven Halls
 42519 | Elf:1    | Reached skill level 1 in Shields
 42749 | Elf:1    | Reached skill level 3 in Shields
 43046 | Elf:1    | Found a runed translucent gate.
 43046 | Elf:1    | Found a runed translucent gate.
 43046 | Elf:1    | Found a runed translucent gate.
 43048 | Elf:1    | Noticed zkyp's ghost (adept HuHu)
 43253 | Elf:1    | Noticed Roxanne
 43297 | Elf:1    | Killed Roxanne
 43757 | Elf:1    | Found Fuleityle's Book Boutique.
 43894 | Elf:1    | Killed zkyp's ghost
 44371 | Elf:2    | Found Plog's Book Shop.
 44371 | Elf:2    | Found Neidiwo's Jewellery Emporium.
 44372 | Elf:2    | Found Gitasoon's Jewellery Emporium.
 44401 | Elf:2    | Bought a book of Annihilations for 900 gold pieces
 44547 | Elf:2    | Reached XP level 20. HP: 129/129 MP: 42/42
 44710 | Elf:2    | Found a runed translucent gate.
 44741 | Elf:2    | Found a runed translucent gate.
 44741 | Elf:2    | Found a runed translucent gate.
 44802 | Elf:2    | Reached skill level 6 in Shields
 45108 | Elf:2    | Reached XP level 21. HP: 134/134 MP: 3/43
 45727 | Elf:3    | Entered Level 3 of the Elven Halls
 45869 | Elf:3    | Reached skill level 15 in Fire Magic
 46625 | Elf:3    | Identified the +1 plate armour of Leapfrog {rPois Str+5}
 47236 | Elf:3    | Identified the +3 broad axe of a volcano {venom, rN+ Int+4
                  | Dex-4}
 47236 | Elf:3    | Identified the ring "Deguc" {Str+6 Int+6 Dex+4}
 48161 | Orc:2    | Bought a scroll of teleportation for 42 gold pieces
 48161 | Orc:2    | Bought a potion of invisibility for 112 gold pieces
 48161 | Orc:2    | Bought a potion of mutation for 112 gold pieces
 48161 | Orc:2    | Bought a wand of digging (5) for 294 gold pieces
 48449 | Snake:3  | Bought a potion of curing for 54 gold pieces
 48449 | Snake:3  | Bought a potion of curing for 54 gold pieces
 48449 | Snake:3  | Bought a potion of curing for 54 gold pieces
 48449 | Snake:3  | Bought a potion of invisibility for 144 gold pieces
 48449 | Snake:3  | Bought a potion of cancellation for 144 gold pieces
 48449 | Snake:3  | Bought 2 potions of haste for 360 gold pieces
 48779 | D:3      | Bought a scroll of enchant weapon for 82 gold pieces
 49035 | Orc:2    | Bought a pair of runed gloves for 232 gold pieces
 49035 | Orc:2    | Bought a pair of embroidered gloves for 232 gold pieces
 49056 | Orc:2    | Learned a level 8 spell: Ignition
 49270 | Slime:1  | Entered Level 1 of the Pits of Slime
 49884 | Slime:2  | Gained mutation: You are dopey. (Int -2) [a shining eye]
 49893 | Slime:2  | Reached skill level 18 in Fire Magic
 50175 | Slime:2  | Gained mutation: You occasionally lose the ability to read
                  | scrolls when taking damage. [a shining eye]
 50469 | Slime:4  | Reached skill level 6 in Earth Magic
 50577 | Slime:5  | Entered Level 5 of the Pits of Slime
 50680 | Slime:5  | Reached XP level 22. HP: 83/140 MP: 27/44
 50769 | Slime:5  | Noticed the Royal Jelly
 51135 | Slime:5  | Killed the Royal Jelly
 51355 | Slime:5  | Found the +8 longbow "Zephyr" {speed, Dex+3 SInv}
 51396 | Slime:5  | Identified the ring "Jepsomn" {*Corrode rElec rPois rN++
                  | Dex+6}
 51406 | Slime:5  | Got a slimy rune of Zot
 51439 | Slime:5  | Identified the +7 war axe of Comel {flame, rPois rN+ Will+}
 51446 | Slime:5  | Identified the +5 whip of Tumult {flame, Dex+2}
 51447 | Slime:5  | Identified the ring of Kineiz {rN+ SInv}
 51750 | Slime:5  | Found the sphere of Battle
 51765 | Slime:5  | Got the Octavo of the Dynamic Sun
 52673 | Slime:4  | Reached skill level 9 in Earth Magic
 53097 | Slime:3  | Gained mutation: Armour fits poorly on your strangely
                  | shaped body. [a shining eye]
 53639 | Slime:1  | Reached skill level 9 in Shields
 54278 | D:13     | You showed the slimy rune of Zot to enter a treasure trove
 54279 | Trove    | Entered a treasure trove
 54281 | Trove    | Found a bloodstained altar of Trog.
 54297 | Trove    | Identified the +6 eveningstar "Imp's Nightmare" {heavy, rC+
                  | Str+6}
 54312 | Trove    | Identified the +7 shortbow of Ycamigra {heavy, Str+2 Int+3
                  | Dex+4}
 54314 | Trove    | Identified the +7 dire flail of Precise Incision {speed,
                  | Fly rElec rC- Will+++}
 54333 | Trove    | Identified the +6 quarterstaff of Veyn {venom, *Noise rPois
                  | rN+ Str+2}
 54339 | Trove    | Identified the +6 executioner's axe "Veatugac" {heavy, rC+}
 54410 | Vaults:1 | Entered Level 1 of the Vaults
 54490 | Vaults:1 | Found a crumbling gateway.
 54528 | Desolati | Entered the Desolation of Salt
 54917 | Desolati | Got the Compilation of Corpses
 54924 | Desolati | Identified the ring of Guetos {Str+6 Dex+3}
 55073 | Desolati | Identified the +1 plate armour "Cosyt" {rElec rN+ Str-3
                  | Dex+3}
 55076 | Desolati | Identified the amulet of Nimuam {RegenMP rF+}
 55089 | Desolati | Identified the +0 leather armour "Jyapt" {Dex+3 Stlth+}
 55091 | Desolati | Identified the ring "Ileuh" {Fly rElec rF+}
 55094 | Desolati | Identified the amulet of Hoarorchi {rF+ rN+ Regen+ MP+9}
 55139 | Desolati | Identified the +8 lajatang of Death {drain, MP+9}
 55450 | Desolati | Identified the ring "Giynih" {*Slow rC+ rN+ Str+3}
 55458 | Desolati | Got the Elucidation of the Immovable Coins
 55460 | Desolati | Identified the ring of Enkeme {rF+ rC+}
 55887 | Desolati | Reached XP level 23. HP: 147/147 MP: 32/45
 56601 | Vaults:1 | Reached skill level 12 in Earth Magic
 58374 | Vaults:2 | Found a staircase to the Crypt.
 58374 | Vaults:2 | Found a basalt altar of Yredelemnul.
 58374 | Vaults:2 | Found an ancient bone altar of Kikubaaqudgha.
 60384 | Vaults:3 | Reached skill level 15 in Earth Magic
 60386 | Vaults:3 | Reached XP level 24. HP: 128/156 MP: 20/46
 61602 | Vaults:4 | Reached skill level 12 in Shields
 61701 | Vaults:4 | Found Duedu's Weapon Shop.
 62416 | Vaults:4 | Reached skill level 9 in Dodging
 63426 | Vaults:4 | Lost mutation: You are dopey. (Int -2) [potion of mutation]
 63426 | Vaults:4 | Lost mutation: Armour fits poorly on your strangely shaped
                  | body. [potion of mutation]
 63426 | Vaults:4 | Gained mutation: Your spells are a little harder to cast,
                  | but a little more powerful. [potion of mutation]
 63427 | Vaults:4 | Lost mutation: Your spells are a little harder to cast, but
                  | a little more powerful. [potion of mutation]
 63427 | Vaults:4 | Lost mutation: You occasionally lose the ability to read
                  | scrolls when taking damage. [potion of mutation]
 63427 | Vaults:4 | Gained mutation: You are agile. (Dex +4, Str/Int -1)
                  | [potion of mutation]
 63427 | Vaults:4 | Gained mutation: You are very agile. (Dex +8, Str/Int -2)
                  | [potion of mutation]
 63635 | Depths:1 | Entered Level 1 of the Depths
 63652 | Depths:1 | Found a gateway to Hell.
 63746 | Depths:1 | Noticed Mara
 63763 | Depths:1 | Reached skill level 18 in Fighting
 63890 | Depths:1 | Noticed SimianSpiritGuide's illusion
 63985 | Depths:1 | Killed Mara
 64058 | Depths:1 | Found a runed translucent gate.
 64220 | Depths:1 | Found a transporter.
 64239 | Depths:1 | Found a transporter.
 64261 | Depths:1 | Found a runed translucent gate.
 64261 | Depths:1 | Found a runed translucent gate.
 64262 | Depths:1 | Noticed Dameikh's ghost (veteran FoFi)
 64500 | Depths:1 | Found a transporter.
 64524 | Depths:1 | Found a transporter.
 64568 | Depths:1 | Killed Dameikh's ghost
 64664 | Depths:1 | Identified the +4 orcbow "Qitool" {heavy, rF+ Str+8 Dex-5}
 64754 | Depths:2 | Reached XP level 25. HP: 126/163 MP: 18/46
 64852 | Depths:2 | Found a one-way gate leading to the halls of Pandemonium.
 64975 | Depths:2 | Identified the ring "Liov Fou" {rC+ Str+6 Int+2 Dex-4}
 65198 | Depths:2 | Found a shadowy altar of Dithmenos.
 65297 | Depths:2 | Identified the ring "Migutuig" {rPois rC- EV+5 Str+4 SInv}
 65371 | Depths:2 | Reached skill level 18 in Earth Magic
 65762 | Depths:2 | Found an iron altar of Okawaru.
 65939 | Depths:2 | Identified the ring of Wu Jian's Condemnation {Fly rF++
                  | Slay+2}
 66155 | Depths:2 | Found a transporter.
 66331 | Depths:2 | Found a transporter.
 66347 | Depths:2 | Noticed Saint Roka
 66372 | Depths:2 | Lost mutation: You are very agile. (Dex +8, Str/Int -2) [a
                  | neqoxec]
 66490 | Depths:2 | Killed Saint Roka
 66566 | Depths:2 | Identified the ring "Estras" {rC+ Will+ Int+5 SInv}
 66836 | Depths:2 | Learned a level 9 spell: Shatter
 66945 | Depths:3 | Found a one-way gateway to a ziggurat.
 67139 | Depths:3 | Found Nafesoto's Jewellery Emporium.
 67213 | Depths:3 | Identified the +5 mace "Cappaf" {flame, rF+ rC- Dex+2}
 67466 | Depths:3 | Found a sparkling altar of Nemelex Xobeh.
 67544 | Depths:3 | Found a one-way gate to the infinite horrors of the Abyss.
 67777 | Depths:4 | Entered Level 4 of the Depths
 67866 | Depths:4 | Noticed Parghit
 67997 | Depths:4 | Noticed a juggernaut
 68175 | Depths:3 | Killed Parghit
 68234 | Depths:4 | Reached skill level 15 in Shields
 68428 | Depths:4 | Found a gate to the Realm of Zot.
 68432 | Depths:4 | Reached skill level 21 in Earth Magic
 68607 | Depths:4 | Noticed a juggernaut
 68618 | Depths:4 | Killed a juggernaut
 68622 | Depths:4 | Reached XP level 26. HP: 93/168 MP: 19/47
 68794 | Depths:4 | Killed a juggernaut
 68871 | Depths:4 | Noticed Xtahua
 68878 | Depths:4 | Killed Xtahua
 68879 | Depths:4 | Reached skill level 1 in Armour
 68924 | Depths:4 | Reached skill level 3 in Armour
 69101 | Depths:4 | Noticed a juggernaut
 69106 | Depths:4 | Killed a juggernaut
 69810 | Vaults:4 | Upgraded the game from 0.31.0-4-g52a2dc7128 to
                  | 0.31.0-7-gf635a9b802
 69815 | Vaults:5 | Entered Level 5 of the Vaults
 69905 | Vaults:5 | Reached skill level 9 in Armour
 69905 | Vaults:5 | Noticed an ancient lich
 70040 | Vaults:4 | Killed an ancient lich
 70166 | Vaults:5 | Identified the ring of Poplobai {Will+ SInv}
 70263 | Vaults:5 | Noticed an ancient lich
 70269 | Vaults:5 | Killed an ancient lich
 70548 | Vaults:5 | Identified the amulet of Arrival {Faith rCorr Str+6}
 70551 | Vaults:5 | Identified the ring "Metetor" {rC+ Dex+2}
 70579 | Vaults:5 | Reached skill level 18 in Conjurations
 70593 | Vaults:5 | Reached XP level 27. HP: 159/173 MP: 11/47
 70935 | Vaults:5 | Identified the ring "Xodd" {rCorr AC+4}
 71219 | Vaults:5 | Identified the staff "Plog" {rC+ rCorr Str-4 Dex+4 Stlth+
                  | Earth}
 71226 | Vaults:5 | Got a silver rune of Zot
 71358 | Vaults:5 | Got Heulut's Lost Secrets of Mysticism
 71412 | Vaults:5 | Found Qoegybb's Assorted Antiques.
 71465 | Vaults:5 | Bought a scroll of blinking for 285 gold pieces
 71465 | Vaults:5 | Bought a potion of curing for 114 gold pieces
 71523 | Vaults:5 | Identified the +2 robe of Protective Custody {Harm ^Drain
                  | Archmagi}
 71887 | Vaults:5 | Identified the +7 rapier of Darkness {protect, Dex+7}
 72217 | Depths:3 | Bought the death talisman "Soxzax" {rF+ Slay+2} for 5097
                  | gold pieces
 72412 | Crypt:1  | Entered Level 1 of the Crypt
 72499 | Crypt:1  | Reached skill level 1 in Shapeshifting
 72835 | Crypt:1  | Reached skill level 2 in Shapeshifting
 73072 | Crypt:1  | Found a runed translucent door.
 73077 | Crypt:1  | Reached skill level 3 in Shapeshifting
 73688 | Crypt:1  | Noticed Fainec's ghost (veteran GrEE)
 73697 | Crypt:1  | Killed Fainec's ghost
 73813 | Crypt:2  | Reached skill level 4 in Shapeshifting
 74023 | Crypt:2  | Noticed Margery
 74092 | Crypt:2  | Killed Margery
 74093 | Crypt:2  | Reached skill level 5 in Shapeshifting
 74458 | Crypt:2  | Noticed Sojobo
 74465 | Crypt:2  | Killed Sojobo
 74466 | Crypt:2  | Reached skill level 6 in Shapeshifting
 74793 | Crypt:3  | Entered Level 3 of the Crypt
 75188 | Crypt:3  | Reached skill level 7 in Shapeshifting
 75851 | Crypt:3  | Found an ancient bone altar of Kikubaaqudgha.
 75851 | Crypt:3  | Noticed an ancient lich
 75856 | Crypt:3  | Killed an ancient lich
 75901 | Crypt:3  | Reached skill level 8 in Shapeshifting
 75976 | Crypt:3  | Got the Vellum of the Damned
 75990 | Crypt:3  | Noticed a dread lich
 75999 | Crypt:3  | Killed a dread lich
 76479 | Crypt:3  | Reached skill level 9 in Shapeshifting
 76837 | Crypt:3  | Found a staircase to the Tomb.
 76865 | Crypt:3  | Identified the staff of the Dozen Wars {Dex+5 Conj}
 77437 | Hell     | Entered the Vestibule of Hell
 77437 | Hell     | Noticed Geryon
 77515 | Hell     | Reached skill level 10 in Shapeshifting
 77712 | Hell     | Killed Geryon
 77713 | Hell     | Reached skill level 11 in Shapeshifting
 77746 | Hell     | Found a gateway to the freezing wastes of Cocytus.
 78118 | Hell     | Found a gateway to the ashen valley of Gehenna.
 78349 | Hell     | Found a gateway to the Iron City of Dis.
 78531 | Hell     | Found a gateway to the decaying netherworld of Tartarus.
 78796 | Depths:3 | Reached skill level 12 in Shapeshifting
 79585 | Depths:3 | Voluntarily entered the Abyss.
 79660 | Abyss:1  | Found a corrupted altar of Lugonu.
 79899 | Abyss:2  | Found a corrupted altar of Lugonu.
 80109 | Abyss:2  | Reached skill level 13 in Shapeshifting
 80110 | Abyss:2  | Found a corrupted altar of Lugonu.
 80218 | Abyss:2  | Found an opulent altar of Gozag.
 80241 | Abyss:4  | Found a corrupted altar of Lugonu.
 80375 | Abyss:4  | Got an abyssal rune of Zot
 80380 | Depths:3 | Escaped the Abyss
 80576 | Zot:1    | Entered Level 1 of the Realm of Zot
 80604 | Zot:1    | Reached skill level 14 in Shapeshifting
 81099 | Zot:1    | Noticed an orb of fire
 81104 | Zot:1    | Killed an orb of fire
 81208 | Zot:1    | Noticed an orb of fire
 81212 | Zot:1    | Killed an orb of fire
 81805 | Zot:1    | Reached skill level 15 in Shapeshifting
 81886 | Zot:1    | Acquired the orb of Sif Muna's Hope {*channel, rC+ Str+2
                  | Dex+4}
 81887 | Zot:1    | Acquired 1053 gold pieces
 81987 | Zot:2    | Found a transporter.
 81989 | Zot:2    | Found a transporter.
 81992 | Zot:2    | Found a transporter.
 82539 | Zot:2    | Found a transporter.
 83428 | Zot:3    | Identified the +0 scale mail of the Chupacabra {Fly rCorr
                  | Str-3 SInv}
 83979 | Zot:3    | Identified the ring "Mucuneam" {Ice *Slow Str+2 Dex+3
                  | Stlth+}
 83979 | Zot:3    | Noticed Josephina
 83987 | Zot:3    | Killed Josephina
 83988 | Zot:3    | Reached skill level 16 in Shapeshifting
 85120 | Zot:4    | Found a glowing golden altar of the Shining One.
 85504 | Zot:4    | Reached skill level 17 in Shapeshifting
 85531 | Zot:5    | Entered Level 5 of the Realm of Zot
 86454 | Zot:5    | Noticed an orb of fire
 86457 | Zot:5    | Killed an orb of fire
 86489 | Zot:5    | Reached skill level 18 in Shapeshifting
 86604 | Zot:5    | Noticed an orb of fire
 86617 | Zot:5    | Gained mutation: You are weak. (Str -2) [an orb of fire]
 86620 | Zot:5    | Gained mutation: You are frail. (-10% HP) [an orb of fire]
 86715 | Zot:5    | Killed an orb of fire
 87069 | Zot:5    | Noticed an orb of fire
 87079 | Zot:5    | Killed an orb of fire
 87183 | Zot:5    | Noticed an orb of fire
 87194 | Zot:5    | Noticed an orb of fire
 87202 | Zot:5    | Noticed an orb of fire
 87205 | Zot:5    | Noticed an ancient lich
 87232 | Zot:5    | Noticed an orb of fire
 87247 | Zot:5    | Noticed an ancient lich
 87264 | Zot:5    | Gained mutation: You are very frail. (-20% HP) [an orb of
                  | fire]
 87269 | Zot:5    | Reached skill level 19 in Shapeshifting
 87275 | Zot:5    | Killed an orb of fire
 87293 | Zot:5    | Killed an ancient lich
 87380 | Zot:5    | Bought a book of Ice for 750 gold pieces
 87412 | Zot:5    | Killed an orb of fire
 87416 | Zot:5    | Killed an ancient lich
 87679 | Zot:5    | Killed an orb of fire
 87885 | Zot:5    | Killed an orb of fire
 88569 | Depths:4 | Lost mutation: You are agile. (Dex +4, Str/Int -1) [potion
                  | of mutation]
 88569 | Depths:4 | Lost mutation: You are weak. (Str -2) [potion of mutation]
 88569 | Depths:4 | Lost mutation: You are very frail. (-20% HP) [potion of
                  | mutation]
 88569 | Depths:4 | Gained mutation: You expend magic power (3 MP) to
                  | strengthen your wands. [potion of mutation]
 88569 | Depths:4 | Gained mutation: You are dopey. (Int -2) [potion of
                  | mutation]
 88570 | Depths:4 | Lost mutation: You are frail. (-10% HP) [potion of
                  | mutation]
 88570 | Depths:4 | Lost mutation: You expend magic power (3 MP) to strengthen
                  | your wands. [potion of mutation]
 88570 | Depths:4 | Gained mutation: Armour fits poorly on your strangely
                  | shaped body. [potion of mutation]
 88901 | Zig:1    | Entered Level 1 of a ziggurat
 88908 | Zig:1    | Reached skill level 20 in Shapeshifting
 88954 | Zig:2    | Entered Level 2 of a ziggurat
 88981 | Zig:3    | Entered Level 3 of a ziggurat
 89034 | Zig:4    | Entered Level 4 of a ziggurat
 89092 | Zig:4    | Identified the +4 sling of Painful Death {drain, rElec rF+
                  | Dex-5 SInv}
 89096 | Zig:4    | Identified the staff "Hayzapp" {rN+ Str+3 Necro Ice}
 89103 | Zig:5    | Entered Level 5 of a ziggurat
 89175 | Zig:6    | Entered Level 6 of a ziggurat
 89246 | Zig:6    | Identified the +2 scale mail "Bame" {Will+ rCorr Int+3
                  | Slay+2}
 89256 | Zig:7    | Entered Level 7 of a ziggurat
 89342 | Zig:7    | Identified the +5 trident of Camefor {drain, rF+ rC- Int+3}
 89376 | Zig:8    | Entered Level 8 of a ziggurat
 89381 | Zig:8    | Noticed a royal mummy
 89384 | Zig:8    | Noticed a royal mummy
 89389 | Zig:8    | Killed a royal mummy
 89389 | Zig:8    | Killed a royal mummy
 89390 | Zig:8    | Noticed a royal mummy
 89397 | Zig:8    | Killed a royal mummy
 89477 | Zig:8    | Identified the +2 robe of a wizard's laboratory {Slay+2}
 89483 | Zig:8    | Identified the +3 short sword of Malum Prohibitum {freeze,
                  | Will+ rCorr}
 89484 | Zig:8    | Identified the +0 ring mail of Weightlessness {rF- rN+++
                  | Will++ Str-4}
 89488 | Zig:8    | Identified the staff "Transmigrator" {^Fragile rElec rF+
                  | Will- Dex+6 Fire}
 89504 | Zig:9    | Entered Level 9 of a ziggurat
 89661 | Zig:9    | Identified the ring of Zumairhy {rF+ Str+3 Int+4 Dex+3
                  | SInv}
 89676 | Zig:10   | Entered Level 10 of a ziggurat
 89689 | Zig:10   | Reached skill level 21 in Shapeshifting
 89689 | Zig:10   | Noticed Wethri the pandemonium lord
 89707 | Zig:10   | Killed Wethri the pandemonium lord
 89801 | Zig:10   | Identified the +2 pair of gloves of Luyleg {MP+9 Str+2
                  | Slay-4 Stlth+}
 89810 | Zig:11   | Entered Level 11 of a ziggurat
 89817 | Zig:11   | Noticed a dread lich
 89826 | Zig:11   | Killed a dread lich
 89917 | Zig:11   | Identified the ring of Tetranly {rElec rPois Str+6}
 89927 | Zig:11   | Identified the +6 rapier "Rele" {elec, Fly}
 89943 | Zig:12   | Entered Level 12 of a ziggurat
 89951 | Zig:12   | Noticed a dread lich
 89952 | Zig:12   | Noticed a dread lich
 89956 | Zig:12   | Killed a dread lich
 89956 | Zig:12   | Killed a dread lich
 90055 | Zig:12   | Identified the +0 robe "Zith" {*Slow Str+6 Dex+2}
 90056 | Zig:12   | Identified the staff "Hekhlagae" {rF++ Stlth+ Conj}
 90072 | Zig:13   | Entered Level 13 of a ziggurat
 90078 | Zig:13   | Noticed an ancient lich
 90082 | Zig:13   | Reached skill level 22 in Shapeshifting
 90083 | Zig:13   | Killed an ancient lich
 90173 | Zig:13   | Identified the +1 hat of Mirth {Int+3}
 90174 | Zig:13   | Identified the +4 great sword of the Doomed Warrior {elec,
                  | rElec}
 90189 | Zig:13   | Identified the staff "Fumeum" {rElec rN+ Conj Air}
 90220 | Zig:14   | Entered Level 14 of a ziggurat
 90440 | Zig:14   | Identified the +5 chain mail of Ignis, Loving {rC+ MP+9
                  | Str+4 Int-5}
 90488 | Zig:15   | Entered Level 15 of a ziggurat
 90503 | Zig:15   | Noticed a royal mummy
 90503 | Zig:15   | Noticed a royal mummy
 90505 | Zig:15   | Noticed a royal mummy
 90508 | Zig:15   | Noticed a royal mummy
 90509 | Zig:15   | Noticed a royal mummy
 90510 | Zig:15   | Killed a royal mummy
 90510 | Zig:15   | Killed a royal mummy
 90511 | Zig:15   | Killed a royal mummy
 90513 | Zig:15   | Killed a royal mummy
 90514 | Zig:15   | Killed a royal mummy
 90581 | Zig:15   | Identified the +2 falchion of Dufuk {drain, rC++ Int+4}
 90587 | Zig:15   | Identified the +4 ring mail "Jymukh" {rPois rF+ Slay-2}
 90649 | Zig:15   | Identified the +1 leather armour "Ciuwk" {MP+9 Str+2 Int+3}
 90694 | Zig:15   | Learned a level 8 spell: Lehudib's Crystal Spear
 90695 | Zig:16   | Entered Level 16 of a ziggurat
 90706 | Zig:16   | Reached skill level 23 in Shapeshifting
 90805 | Zig:16   | Identified the ring "Utuiv" {rC+ rCorr Int+6}
 90813 | Zig:16   | Identified the +6 broad axe "Nutsoi" {flame, +Blink rCorr
                  | Int-2}
 90817 | Zig:16   | Got the Papyrus of Enthralling Wanderlust
 90848 | Zig:17   | Entered Level 17 of a ziggurat
 90958 | Zig:17   | Found the +9 sword of Zonguldrok {reap}
 90989 | Zig:17   | Identified the +1 dagger of Symmetry {flame, rC++ Int+2}
 90999 | Zig:17   | Identified the ring "Vanin" {Fire Str+2 Slay+3 SInv}
 91044 | Zig:18   | Entered Level 18 of a ziggurat
 91055 | Zig:18   | Noticed Anisudo the pandemonium lord
 91056 | Zig:18   | Noticed Coahober the pandemonium lord
 91057 | Zig:18   | Noticed Uxoboegg the pandemonium lord
 91057 | Zig:18   | Noticed Puill the pandemonium lord
 91058 | Zig:18   | Noticed Unoipruv the pandemonium lord
 91058 | Zig:18   | Killed Puill the pandemonium lord
 91058 | Zig:18   | Noticed Xipnu the pandemonium lord
 91059 | Zig:18   | Killed Unoipruv the pandemonium lord
 91059 | Zig:18   | Noticed Banwy the pandemonium lord
 91064 | Zig:18   | Noticed Kahore the pandemonium lord
 91067 | Zig:18   | Killed Anisudo the pandemonium lord
 91083 | Zig:18   | Noticed Tuckulaj the pandemonium lord
 91085 | Zig:18   | Killed Kahore the pandemonium lord
 91093 | Zig:18   | Killed Tuckulaj the pandemonium lord
 91097 | Zig:18   | Killed Banwy the pandemonium lord
 91098 | Zig:18   | Identified the +4 battleaxe "Zapsics" {flame, SInv Stlth+}
 91116 | Zig:18   | Killed Coahober the pandemonium lord
 91149 | Zig:18   | Killed Xipnu the pandemonium lord
 91165 | Zig:18   | Killed Uxoboegg the pandemonium lord
 91260 | Zig:18   | Got the Volume of the Glowing Entourage
 91314 | Zig:18   | Identified the +1 pair of boots of Noon {rF+ rN+ Regen+}
 91328 | Zig:18   | Identified the +1 dagger "Ripsuwi" {flame, Fly rElec rF+
                  | Int+4}
 91381 | Zig:19   | Entered Level 19 of a ziggurat
 91394 | Zig:19   | Reached skill level 12 in Armour
 91457 | Zig:19   | Identified the +8 dagger of the Fox {venom, rC+ Str+2}
 91471 | Zig:19   | Identified the staff of Lazivvi {rPois Int+2 Alchemy}
 91487 | Zig:19   | Identified the staff "Killer Bee's Doom" {rPois Str+2
                  | Alchemy}
 91491 | Zig:19   | Identified the amulet of Sifaec {Faith rF- rN+ Str+2 Int+4}
 91492 | Zig:19   | Identified the ring of Ihabee {rN+ Str+3 Int+6}
 91496 | Zig:19   | Identified the +1 glaive of Light {pain, Int+3 Dex+2}
 91536 | Zig:19   | Learned a level 2 spell: Blink
 91549 | Zig:20   | Entered Level 20 of a ziggurat
 91557 | Zig:20   | Noticed SimianSpiritGuide's ghost (legendary GrEE)
 91560 | Zig:20   | Noticed SimianSpiritGuide's ghost (legendary GrEE)
 91562 | Zig:20   | Noticed SimianSpiritGuide's ghost (legendary GrEE)
 91562 | Zig:20   | Noticed SimianSpiritGuide's ghost (legendary GrEE)
 91564 | Zig:20   | Noticed SimianSpiritGuide's ghost (legendary GrEE)
 91564 | Zig:20   | Found the +8 pair of quick blades "Gyre" and "Gimble"
                  | {protect}
 91564 | Zig:20   | Noticed SimianSpiritGuide's ghost (legendary GrEE)
 91565 | Zig:20   | Noticed SimianSpiritGuide's ghost (legendary GrEE)
 91567 | Zig:20   | Noticed SimianSpiritGuide's ghost (legendary GrEE)
 91569 | Zig:21   | Entered Level 21 of a ziggurat
 91631 | Zig:21   | Noticed Koanateo the pandemonium lord
 91634 | Zig:21   | Reached skill level 21 in Spellcasting
 91653 | Zig:21   | Killed Koanateo the pandemonium lord
 91654 | Zig:21   | Reached skill level 12 in Dodging
 91785 | Zig:21   | Identified the ring "Zotaraot" {rF- rN++ Str+4 Int+6}
 91793 | Zig:21   | Identified the staff "Orcherix" {rElec rPois rN+ Int-4
                  | Necro}
 91797 | Zig:21   | Got Sif Muna's Compendium of the Salvo and Relocation
 91816 | Zig:21   | Identified the staff of the Flying Vulture {rPois rN+ Dex+4
                  | Alchemy}
 91838 | Zig:21   | Identified the +8 dagger "Quxoofrumo" {heavy, Fly rC+}
 91893 | Zig:22   | Entered Level 22 of a ziggurat
 91908 | Zig:22   | Found the +6 lightning scales {swift, rElec}
 92025 | Zig:22   | Identified the ring "Acvuicw" {rCorr MP+9 Str+3}
 92042 | Zig:22   | Identified the +6 mace of Karma {protect, rF+ Str+5}
 92086 | Zig:22   | Identified the staff of Ixzyxayl {rF+ Will+ Dex+3 Conj}
 92101 | Zig:22   | Identified the ring "Zanyt" {rF+ rC+}
 92108 | Zig:22   | Identified the staff of Extremism {rC+ rCorr Ice}
 92154 | Zig:23   | Entered Level 23 of a ziggurat
 92177 | Zig:23   | Reached skill level 15 in Armour
 92244 | Zig:23   | Identified the +0 plate armour of the Armoured One {+Blink}
 92245 | Zig:23   | Identified the staff of Sif Muna's Displeasure {rElec Str+3
                  | Air}
 92246 | Zig:23   | Identified the +1 trident "Qeokhowin" {holy, rC- rN+ Int+2
                  | SInv}
 92252 | Zig:23   | Identified the +7 falchion of the Jocular God {venom, rElec
                  | rN+ Dex+2}
 92258 | Zig:23   | Identified the ring of Xom's Entertainment {Ice Int+4}
 92261 | Zig:23   | Identified the +4 war axe "Toena" {chaos, rCorr}
 92340 | Zig:23   | Identified the ring "Zaerghiu" {rPois rF+ Str+7}
 92401 | Zig:24   | Entered Level 24 of a ziggurat
 92417 | Zig:24   | Reached skill level 21 in Fighting
 92418 | Zig:24   | Found the +8 whip "Snakebite" {venom, curare, rPois}
 92418 | Zig:24   | Found the +8 mithril axe "Arga" {speed, Will+}
 92482 | Zig:24   | Identified the +4 mace of Cheibriados's Regard {protect,
                  | rN+ SInv}
 92495 | Zig:24   | Identified the staff of the Spinneret {rC+ rN+ Necro}
 92608 | Zig:24   | Identified the ring of Starshine {*Slow rN+ AC+4 Str+3
                  | Dex+5}
 92626 | Zig:24   | Identified the +4 broad axe of Utyc {antimagic, +Blink
                  | Str+2}
 92705 | Zig:25   | Entered Level 25 of a ziggurat
 92713 | Zig:25   | Noticed Ihiuzoet the pandemonium lord
 92715 | Zig:25   | Noticed Fumody the pandemonium lord
 92716 | Zig:25   | Noticed Xuast the pandemonium lord
 92716 | Zig:25   | Noticed Yfishruf the pandemonium lord
 92716 | Zig:25   | Noticed Xobani Kotee the pandemonium lord
 92717 | Zig:25   | Noticed Hegius Utie the pandemonium lord
 92717 | Zig:25   | Noticed Teoweseh the pandemonium lord
 92717 | Zig:25   | Noticed Heblemme the pandemonium lord
 92717 | Zig:25   | Noticed Cucuatuig the pandemonium lord
 92719 | Zig:25   | Noticed Foleace the pandemonium lord
 92719 | Zig:25   | Noticed Ovyiqa the pandemonium lord
 92719 | Zig:25   | Noticed Jicusix the pandemonium lord
 92725 | Zig:25   | Killed Heblemme the pandemonium lord
 92727 | Zig:25   | Killed Ihiuzoet the pandemonium lord
 92727 | Zig:25   | Noticed Qamerchann the pandemonium lord
 92731 | Zig:25   | Killed Ovyiqa the pandemonium lord
 92732 | Zig:25   | Killed Cucuatuig the pandemonium lord
 92739 | Zig:25   | Noticed Wokk the pandemonium lord
 92739 | Zig:25   | Noticed Zilut the pandemonium lord
 92739 | Zig:25   | Noticed Leschadac the pandemonium lord
 92739 | Zig:25   | Noticed Qoitwim the pandemonium lord
 92739 | Zig:25   | Noticed Ycahib the pandemonium lord
 92741 | Zig:25   | Noticed Nacroupp the pandemonium lord
 92742 | Zig:25   | Killed Fumody the pandemonium lord
 92742 | Zig:25   | Killed Ycahib the pandemonium lord
 92744 | Zig:25   | Noticed Kubbi the pandemonium lord
 92745 | Zig:25   | Killed Xuast the pandemonium lord
 92745 | Zig:25   | Killed Teoweseh the pandemonium lord
 92745 | Zig:25   | Killed Nacroupp the pandemonium lord
 92745 | Zig:25   | Killed Xobani Kotee the pandemonium lord
 92746 | Zig:25   | Killed Hegius Utie the pandemonium lord
 92746 | Zig:25   | Killed Qoitwim the pandemonium lord
 92746 | Zig:25   | Killed Yfishruf the pandemonium lord
 92746 | Zig:25   | Killed Leschadac the pandemonium lord
 92746 | Zig:25   | Killed Kubbi the pandemonium lord
 92749 | Zig:25   | Killed Foleace the pandemonium lord
 92749 | Zig:25   | Noticed Nowoodd the pandemonium lord
 92754 | Zig:25   | Found the +3 giant club "Skullcrusher" {speed, Str+7}
 92754 | Zig:25   | Killed Zilut the pandemonium lord
 92762 | Zig:25   | Killed Nowoodd the pandemonium lord
 92762 | Zig:25   | Killed Qamerchann the pandemonium lord
 92804 | Zig:25   | Blown up by Wokk the pandemonium lord

Illustrated notes

Levels and vault maps discovered:
D:1:      minmay_arrival_split_and_join, layout_loops_corners, dk_noncrumbling_2
D:2:      layout_basic, serial_shops, shop, uniq_robin
D:3:      cheibrodos_old_hovel, layout_loops_ring, evilmike_ruin_ashenzari,
          serial_aquarium, aquarium_bridge_square [aquarium_subvault_wall,
          aquarium_subvault_balcony, aquarium_subvault_bridge,
          aquarium_subvault_bridge], aquarium_window_2, aquarium_window_fake,
          aquarium_window_fake, aquarium_window_fake, aquarium_view_2e,
          aquarium_balcony_1b, nicolae_nh_oracle_at_delphi,
          uniq_crazy_yiuf_cottage
D:4:      layout_loops_corners, minmay_misc_feat_five
D:5:      layout_basic, serial_glass, glass_columns_c, glass_columns_b,
          glass_columns_c, glass_columns_a, glass_columns_a, glass_columns_a,
          glass_columns_b, glass_columns_a, glass_columns_c, glass_columns_a,
          uniq_pikel
D:6:      layout_loops_ring, minmay_temple_entry_from_below_a, minivault_25,
          kennysheep_generic_room_7
D:7:      layout_cave_pools, mainiacjoe_overflow_24_doors
D:8:      layout_loops_cross, ebering_ghost_xom, lightli_orcish_oven
D:9:      layout_long_grid, nicolae_ru_great_annihilating_truth,
          david_lair_shrubbed
D:10:     cheibrodos_elevator_heist, layout_loops_ring,
          nicolae_gozag_seed_capital, kennysheep_mini, uniq_amaemon, uniq_lodul
D:11:     layout_loops_ring, david_orc_3
D:12:     skrybe_chaotic_catacombs, layout_small_grid, serial_shops,
          bzr_entry_road, serial_glass, glass_columns_a, glass_columns_b,
          feat_on_display, due_unseen_surprise, grunt_tough_drop
D:13:     layout_basic, nicolae_trove_entry_crossroad, uniq_sonja, uniq_kirke
D:14:     minmay_tearing_corner, layout_gridville, grunt_vaults_entry_fortified,
          nicolae_kikubaaqudgha_miasma_corner
D:15:     hangedman_depths_entry_try_elsewhere_first, layout_cave_pools,
          basic_altar
Temple:   nicolae_temple_bog_church
Lair:1:   layout_chaotic_city, st_stairs_8
Lair:2:   layout_gridlike, mainiacjoe_swamp_entry_angry_trees
Lair:3:   nzn_winding_woodlands_three_and_one
          [nzn_winding_woodlands_5x15_split_checker,
          nzn_winding_woodlands_5x15_river_crossing,
          nzn_winding_woodlands_5x15_lazy_stream,
          nzn_winding_woodlands_center_diamonds], layout_big_grid,
          minmay_snake_entry_guardpost_small, serial_bayou_pond_b
Lair:4:   minmay_lair_oklob_tunnel, layout_regular_city,
          minmay_slime_entry_pillars, infiniplex_staircase_pool_2,
          grunt_megastairs_1
Lair:5:   minmay_lair_end_enchanted_forest, layout_big_grid,
          minmay_lair_oklob_bushes
Swamp:1:  layout_falls_marsh, evilmike_swamp_ruin_rubble_1, swamp_pool_3,
          nicolae_swamp_decorative_isthmus
Swamp:2:  layout_falls_marsh, nicolae_swamp_tree_isthmus
Swamp:3:  layout_basic_swamp, evilmike_swamp_ruin_house_4,
          hangedman_swamp_wriggling
Swamp:4:  swamp, layout_basic_swamp, swamp_pool_1_2, nicolae_swamp_little_tower
Snake:1:  layout_cave_shapes
Snake:2:  cheibrodos_toxic_ritual, layout_honeycomb
Snake:3:  layout_gridlike, guppyfry_library_mini, minmay_shoptagon,
          nicolae_triple_integral
Snake:4:  johnstein_snake_rune_scales, layout_cave_town
Slime:1:  layout_caves, basic_altar, nicolae_slime_phagocytosis
Slime:2:  layout_caves
Slime:3:  layout_caves
Slime:4:  layout_caves
Slime:5:  slime_pit_nicolae_block_by_block
Orc:1:    nicolae_orc_accident_2, layout_caves, minmay_orc_temple_a
Orc:2:    pubby_orc_utopia, serial_shops
Elf:1:    eino_elf_arrival_customs, layout_geoelf_diagonals, serial_shops, shop,
          ebering_ghost_rock_garden, nicolae_elf_blasts_and_bolts, uniq_roxanne
Elf:2:    nicolae_elf_blades_crystal_corner, layout_geoelf_octagon,
          minmay_shop_grove
Elf:3:    minmay_elf_hall_circle, layout_geoelf_octagon,
          minmay_misc_feat_diagonals
Vaults:1: portal_desolation_entry_nicolae_nacl, ontoclasm_vaults_idyll,
          nicolae_vaults_offset_grid_hallway_4, hangedman_vaults_trim,
          hangedman_vaults_maws, nicolae_vaults_network_square,
          nicolae_vaults_statue_guard, nicolae_vaults_storage_closets_1,
          dpeg_vaults_monster_box, nicolae_vaults_storage_room_statues,
          layout_vaults_quadrants
Vaults:2: minmay_crypt_entry_necro_gods,
          nicolae_vaults_variable_pillar_hall_cross, vaults_mumra_hexcomb,
          nicolae_vaults_meeting, nicolae_vaults_more_shelving_1, v_misc_33,
          nicolae_vaults_little_squares_4, nicolae_vaults_angled_halls,
          nicolae_vaults_apartment_1, nicolae_vaults_trapezoid_layered,
          nicolae_vaults_theta, layout_vaults_big_room
Vaults:3: hangedman_vaults_pinch, ontoclasm_vaults_claustrophobia,
          nicolae_vaults_branching_niches, hangedman_vaults_slice,
          nicolae_vaults_closet_pinwheel_1, v_misc_19, nicolae_vaults_little_ls,
          nicolae_vaults_ring_of_whatevers, grunt_vaults_hallway_short,
          v_rooms_4, nicolae_vaults_offset_grid_hallway_2, layout_vaults_omnibox
Vaults:4: nicolae_vaults_frosty_reception,
          nicolae_vaults_windows_and_doors_thing,
          nicolae_vaults_closet_pinwheel_3,
          nicolae_vaults_taking_the_gang_shopping,
          nicolae_vaults_closet_pinwheel_1,
          nicolae_vaults_offset_grid_hallway_3,
          nicolae_vaults_heart-shaped_vault, nicolae_vaults_big_angled_halls,
          nicolae_vaults_little_squares_5, nicolae_vaults_tetromino_L_2,
          nicolae_vaults_offset_grid_hallway_4, grunt_vaults_diagonal,
          nicolae_vaults_offset_grid_hallway_1, layout_vaults_omnicross
Vaults:5
Crypt:1:  layout_misc_corridors, ebering_ghost_reflecting_pool
Crypt:2:  layout_catacombs, grunt_megastairs_3, uniq_margery, uniq_sojobo
Crypt:3:  quadcrypt_mu
Depths:1: layout_big_octagon, kennysheep_cross_bottleneck, gammafunk_ghost_ooze,
          grunt_metal_band, nicolae_transporter_intersection, uniq_mara
Depths:2: hangedman_spin_cycle, hell_entry, pan_entry
Depths:3: cell_vault, layout_gridlike, enter_ziggurat_d,
          nemelex_diamond_rough_becter, abyss_entry_crystal, hell_entry,
          serial_shops, shop, infiniplex_staircase_star
Depths:4: grunt_zot_entry_alcove, layout_cave_shapes, hell_entry,
          rand_demon_pan_entry_1, nicolae_abyss_entry_one_way_or_another,
          roderic_lattice_octagonal_star, uniq_xtahua, uniq_parghit
Hell
Zot:1:    kennysheep_ambush_hall, layout_gridlike
Zot:2:    layout_gridlike, nicolae_diode_intersection
Zot:3:    layout_gridlike, regret_index_zotdec_banners, uniq_josephina
Zot:4:    layout_gridville, regret_index_zot_stipple_split, basic_altar
Zot:5:    layout_misc_corridors
Zig:25

Skill      XL: |  1  2  3  4  5  6  7  8  9 10 11 12 13 14 15 16 17 18 19 20 21 22 23 24 25 26 27 |
---------------+----------------------------------------------------------------------------------+-----
Earth Magic    | 4 5 6 11 15 17 21 22 | 22.0
Conjurations   | 2 3 4 5 6 10 13 14 15 18 | 18.0
Spellcasting   | 3 4 6 9 10 11 15 16 17 18 19 20 22 | 22.9
Fighting       | 6 7 10 13 15 16 17 18 22 | 22.5
Stealth        | 7 |  7.0
Ice Magic      | 4 5 7 10 | 10.2
Air Magic      | 4 5 7 |  7.0
Summonings     | 4 10 | 10.0
Dodging        | 5 8 9 10 14 | 14.9
Fire Magic     | 6 10 14 18 19 | 19.0
Shields        | 5 6 7 9 11 13 15 | 15.0
Translocations | 4 |  4.2
Armour         | 10 15 | 15.0
Shapeshifting  | 23 | 23.0

Action                     |  1- 3 |  4- 6 |  7- 9 | 10-12 | 13-15 | 16-18 | 19-21 | 22-24 | 25-27 || total
---------------------------+-------+-------+-------+-------+-------+-------+-------+-------+-------++-------
  Melee: Great sword       |    10 |    63 |     5 |       |       |       |       |       |       ||    78
         Short sword       |       |       |       |    19 |       |       |       |       |       ||    19
         Demon whip        |       |       |       |    27 |    16 |       |       |       |       ||    43
         Trident           |       |       |       |       |    15 |     4 |       |       |       ||    19
         Morningstar       |       |       |       |       |       |    51 |    37 |   199 |   234 ||   521
   Cast: Sandblast         |    41 |    73 |   155 |   158 |   158 |    15 |       |       |       ||   600
         Stone Arrow       |       |     6 |    43 |   258 |   373 |   164 |       |       |       ||   844
         Freezing Cloud    |       |       |       |    31 |   230 |   202 |   131 |    13 |    16 ||   623
         Bombard           |       |       |       |       |       |   159 |   225 |   352 |   905 ||  1641
         Spellforged Servi |       |       |       |       |       |    79 |    93 |   105 |   182 ||   459
         Lee's Rapid Decon |       |       |       |       |       |     1 |     9 |     9 |       ||    19
         Ignition          |       |       |       |       |       |       |    20 |   109 |   183 ||   312
         Shatter           |       |       |       |       |       |       |       |       |    91 ||    91
         Lehudib's Crystal |       |       |       |       |       |       |       |       |    21 ||    21
 Invoke: Call Merchant     |       |       |       |       |     5 |       |       |       |     1 ||     6
         Potion Petition   |       |       |       |       |       |       |     1 |     2 |    18 ||    21
Ability: Begin Untransform |       |       |       |       |       |       |       |       |     1 ||     1
  Evoke: Wand              |       |       |     1 |     6 |     9 |     4 |       |       |     3 ||    23
         Tin of tremorston |       |       |       |       |       |       |       |       |     2 ||     2
    Use: Scroll            |       |     2 |     1 |    15 |     4 |    12 |     7 |     4 |    19 ||    64
         Potion            |       |       |       |     1 |     1 |     2 |     2 |     4 |    34 ||    44
   Stab: Distracted        |       |       |       |     1 |       |       |     3 |     9 |     9 ||    22
         Petrified         |       |       |       |       |       |       |       |       |     1 ||     1
 Armour: Robe              |    15 |    39 |   105 |   117 |       |       |       |       |   184 ||   460
         Troll leather arm |       |       |       |   181 |   380 |   346 |   209 |   432 |   900 ||  2448
         Skin              |       |       |       |       |       |     1 |       |       |       ||     1
  Dodge: Dodged            |    14 |    37 |    52 |   175 |   219 |   155 |    96 |   318 |   703 ||  1769
  Block: Buckler           |       |       |     6 |    38 |    46 |    37 |    31 |    95 |       ||   253
   Form: Death             |       |       |       |       |       |       |       |       |     8 ||     8
                           |       |       |       |       |       |       |       |       |     6 ||     6
